AoeStats
← The Crusader

Arabia

510575268Analyzed
1v1 RM · 1d ago on Oct 1, 2026· 40m 49s· 2 players
Game mode
Random Map
Map size
Tiny (2 player)
Population
200
Speed
Normal
Resources
Standard
Victory
Conquest
Starting age
Dark Age
Ending age
Imperial Age
RankedLock teamsTeams togetherTeam positionsShared explorationLock speedFull tech treeHidden civsTurbo modeCheats
Victory
Defeat
🇹🇷 Franks · Türkiye
1696
+18
🇺🇸 Italians · United States
1747
-18
P4LUS
5:59 Loom
8:41 Feudal Age
9:26 Double-Bit Axe
16:00 Town Watch
17:57 Fletching
20:15 Forging
20:39 Padded Archer Armor
25:03 Castle Age
23:34 Gold Mining
24:16 Scale Barding Armor
25:10 Light Cavalry
26:13 Bow Saw
27:28 Chain Barding Armor
27:12 Husbandry
37:14 Wheelbarrow
36:25 Town Watch
40:40 Imperial Age
37:59 Town Watch
39:59 Bodkin Arrow
40:39 Iron Casting
41:20 Hand Cart
40:58 Stone Mining
The Crusader
6:06 Loom
9:06 Feudal Age
9:17 Man-at-Arms
14:48 Double-Bit Axe
18:47 Scale Mail Armor
20:02 Arson
25:23 Castle Age
24:02 Fletching
25:58 Bodkin Arrow
25:24 Crossbowman
27:46 Padded Archer Armor
33:50 Ballistics
Connection lost

Rejoining the realm…

Still unreachable

The connection could not be restored.

Session expired

The server has moved on; the page needs a fresh start.